 Dungeon Crawl Stone Soup version 0.30.0-29-ga12c61a403 (webtiles) character file.

Game seed: 6258764264593470178

110039 Gabide the Brawler (level 16, -19/157 HPs)
             Began as a Grey Draconian Fighter on June 13, 2023.
             Was a High Priest of Sif Muna.
             Demolished by a spriggan rider
             ... wielding a +0 spear
              (62 damage)
             ... on level 2 of the Swamp.
             The game lasted 01:00:25 (26867 turns).

Gabide the Brawler (Grey Draconian Fighter)        Turns: 26867, Time: 01:00:25

Health: -19/157    AC: 20    Str: 26    XL:     16   Next: 6%
Magic:  29/29      EV:  2    Int: 10    God:    Sif Muna [*****.]
Gold:   1597       SH:  0    Dex: 10    Spells: 28/33 levels left

rFire   . .          .
                       - Unarmed
rCold   . . .        a - melded +0 buckler
rNeg    . . .        (body armour unavailable)
rPois   +            U - +1 hat {Will+}
rElec   .            p - +1 cloak
rCorr   .            I - melded +2 pair of gloves
SInv    .            r - +2 pair of boots
Will    ++...        S - amulet of magic regeneration
Stlth   +            f - ring of poison resistance
HPRegen 0.46/turn    o - +4 ring of slaying
MPRegen 0.61/turn

%: no passive effects
@: blade hands, sleeping, studying 2 skills
A: AC +14, amphibious, unfitting armour, cold-blooded, teleportitis 1
a: End Transformation, Renounce Religion, Channel Magic, Forget Spell, Divine
Exegesis


You were on level 2 of the Swamp.
You worshipped Sif Muna.
Sif Muna was extremely pleased with you.
You had blades for hands.
You visited 5 branches of the dungeon, and saw 25 of its levels.
You also visited: Ossuary.

You collected 2965 gold pieces.
You spent 1368 gold pieces at shops.

Inventory:

Missiles
 F - a curare-tipped dart
 L - 10 javelins
 X - a throwing net
Armour
 a - a +0 buckler (melded)
 p - a +1 cloak (worn)
 r - a +2 pair of boots (worn)
 E - a +2 hat
 I - a +2 pair of gloves (melded)
 U - a +1 hat of willpower (worn)
Jewellery
 f - a ring of poison resistance (left blade hand)
 o - a +4 ring of slaying (right blade hand)
 w - a ring of flight
 G - a ring of see invisible
 P - an amulet of faith
 R - a ring of resist corrosion
 S - an amulet of magic regeneration (around neck)
 V - the ring "Poluh" {rN+ Str+5 Stlth-}
   (You found it on level 14 of the Dungeon)

   [ring of positive energy]

   Str:       It affects your strength (+5).
   rN:        It protects you from negative energy.
   Stlth:     It makes you less stealthy.
 Y - a +5 ring of evasion
Wands
 y - a wand of flame (46)
 A - a wand of roots (15)
 B - a wand of digging (3)
 C - a wand of light (2)
 D - a wand of mindburst (16)
 W - a wand of paralysis (8)
Scrolls
 b - 2 scrolls of immolation
 g - 3 scrolls of amnesia
 i - 7 scrolls of teleportation
 j - 4 scrolls of fear
 m - 5 scrolls of fog
 u - 3 scrolls of magic mapping
 H - 2 scrolls of summoning
 K - 6 scrolls of identify
 M - 5 scrolls of blinking
Potions
 c - 20 potions of curing
 d - 5 potions of brilliance
 e - a potion of heal wounds
 h - 5 potions of magic
 k - 8 potions of attraction
 l - 2 potions of lignification {unknown}
 n - 2 potions of berserk rage
 q - 7 potions of haste
 s - 8 potions of might
 t - 4 potions of mutation
 v - 8 potions of flight
 x - a potion of cancellation
 z - 3 potions of ambrosia
 O - 5 potions of resistance
 Q - a potion of invisibility
Miscellaneous
 J - a box of beasts
 N - a condenser vane


   Skills:
 - Level 18.0 Fighting
 - Level 6.0 Dodging
 - Level 3.0 Shields
 - Level 18.0 Unarmed Combat
 - Level 9.0 Spellcasting
 + Level 12.5 Transmutations


You had 28 spell levels left.
You knew the following spells:

 Your Spells              Type           Power      Damage    Failure   Level
a - Blade Hands           Tmut           14%        N/A       24%         5

Your spell library contained the following spells:

 Spells                   Type           Power      Damage    Failure   Level
 Beastly Appendage        Tmut           58%        N/A       7%          1
 Sting                    Tmut/Pois      68%        1d6       16%         1
 Spider Form              Tmut/Pois      17%        N/A       28%         3
 Ignite Poison            Fire/Tmut/Pois 12%        N/A       43%         3
 Foxfire                  Conj/Fire      16%        2x1d4     56%         1
 Kiss of Death            Conj/Necr      16%        2d6       56%         1
 Necrotise                Necr           16%        1d4       56%         1
 Shock                    Conj/Air       16%        1d4       56%         1
 Cigotuvi's Dreadful Rot  Necr/Pois/Air  8%         N/A       65%         2
 Lesser Beckoning         Tloc           8%         N/A       65%         2
 Momentum Strike          Conj/Tloc      8%         3d8       65%         2
 Static Discharge         Conj/Air       8%         2-3/arc   65%         2
 Alistair's Intoxication  Tmut/Pois      11%        N/A       75%         5
 Yara's Violent Unravell  Hex/Tmut       8%         3d5       75%         5
 Call Canine Familiar     Summ           4%         N/A       82%         3
 Dazzling Flash           Conj/Hex       8%         N/A       82%         3
 Gell's Gravitas          Tloc           4%         N/A       82%         3
 Inner Flame              Hex/Fire       4%         N/A       82%         3
 Summon Guardian Golem    Hex/Summ       4%         N/A       82%         3
 Teleport Other           Tloc           4%         N/A       82%         3
 Vhi's Electric Charge    Tloc/Air       8%         N/A       82%         3
 Dragon Form              Tmut           14%        N/A       91%         7
 Cause Fear               Hex            2%         N/A       98%         4
 Flame Wave               Conj/Fire      4%         2d5       98%         4
 Manifold Assault         Tloc           4%         N/A       98%         4
 Olgreb's Toxic Radiance  Pois           4%         N/A       98%         4
 Passage of Golubria      Tloc           4%         N/A       98%         4
 Sticky Flame             Conj/Fire      4%         2d3       98%         4
 Summon Lightning Spire   Summ/Air       4%         N/A       98%         4
 Eringya's Noxious Bog    Tmut/Pois      8%         N/A       99%         6
 Agony                    Necr           4%         N/A       100%        5
 Freezing Cloud           Conj/Ice/Air   2%         6-21      100%        5
 Silence                  Hex/Air        2%         N/A       100%        5
 Summon Mana Viper        Hex/Summ       4%         N/A       100%        5
 Iron Shot                Conj/Erth      2%         9d2       100%        6
 Haunt                    Necr/Summ      2%         N/A       100%        7
 Summon Hydra             Summ           2%         N/A       100%        7
 Death's Door             Necr           2%         N/A       100%        9
 Dragon's Call            Summ           2%         N/A       100%        9
 Animate Armour           Summ/Erth      Unusable   N/A       N/A         4

Dungeon Overview and Level Annotations

Branches:
Dungeon (15/15)            Temple (1/1) D:6            Lair (5/5) D:9
  Swamp (2/4) Lair:3        Snake (0/4) Lair:3        Slime (0/5) Lair:5
    Orc (2/2) D:12            Elf (0/3) Orc:2        Vaults (0/5) D:13
Ossuary (visited)
 Depths: D:15

Altars:
Ashenzari
Cheibriados
Dithmenos
Elyvilon
Fedhas
Gozag
Hepliaklqana
Kikubaaqudgha
Makhleb
Nemelex Xobeh
Okawaru
Qazlal
Ru
Sif Muna
Trog
Uskayaw
Vehumet
Wu Jian
Xom
Yredelemnul
Zin
The Shining One
Jiyva

Shops:
D:6 [   Orc:2 (?[:

Portals:
Trove: D:12 (give horn of Geryon)

Annotations:
D:11 2 transporters
D:15 Josephine, Louise
Swamp:2 Aizul


Innate Abilities, Weirdness & Mutations

You have blades for hands.
Your spellcasting is less reliable in this form.
You are incapable of wielding weapons or throwing items.
Your dull iron-grey scales are very hard. (AC +14)
You are amphibious.
You cannot fit into any form of body armour.
You are cold-blooded and may be slowed by cold attacks.
You are occasionally teleported next to monsters.


Message History

The spriggan rider hits you from afar with a +0 spear!!
You shred the bunyip!!!!
You kill the bunyip!
Sif Muna accepts your kill.
You slash Aizul!
Aizul is lightly wounded.
Aizul closely misses you. The spriggan rider barely misses you.
You hit Aizul.
Aizul is lightly wounded.
Aizul coils herself and waves her upper body at you.
The poison arrow hits you!
You are poisoned.
You partially resist. The spriggan rider barely misses you.
Press: ? - help, v - describe, . - travel, g - get item
Here: Aizul (lightly wounded)
Items here: a +0 spear; 24 gold pieces; a spriggan corpse.
Some shallow water.
Unknown command.
You feel better. Aizul hits you. The goliath frog hits you from afar!
You are splashed with acid.
* * * LOW HITPOINT WARNING * * *
Aizul hits you.
* * * LOW HITPOINT WARNING * * *
The spriggan rider hits you from afar with a +0 spear!
* * * LOW HITPOINT WARNING * * *
You feel much better.
The goliath frog hits you but does no damage.
Aizul hits you but does no damage.
The spriggan rider hits you from afar with a +0 spear.
You slice Aizul!!
Your tail-slap misses Aizul.
You slash Aizul!!
Aizul is heavily wounded.
Aizul misses you. The goliath frog hits you from afar!
You are splashed with acid!
* * * LOW HITPOINT WARNING * * *
You shred Aizul!!! You tail-slap Aizul!
Aizul is almost dead.
Aizul coils herself and waves her upper body at you.
You fall asleep.
The spriggan rider hits you from afar with a +0 spear!!!
You die...

♣..♣♣♣.~♣♣~~~♣
... ~ ♣.~~
♣♣...~.♣♣ ♣~.~~
♣~~~♣♣♣ ♣<.~
♣♣♣.~♣ ...
♣♣.~~.♣ ♣
♣~.~~.♣~♣
♣.~~~...♣
♣.~~~..♣♣
♣♣@~...~♣
~~~~~iS♣§F.~♣~..
~~~.~~.♣♣~.~♣...~
....... .~~.~~~~~
......~ .~~~...~~
..~.~.. ..~~~~~~
§.~~~~. .~§~§~~
....~~~ ~~~~


You could see Aizul, a spriggan rider and a goliath frog.

Vanquished Creatures
  Gastronok (D:12)
  2 bunyips (Swamp:2)
  The ghost of Citsun the Nimble, a journeyman HuAr of Gozag (Lair:2)
  Snorg (D:12)
  2 ettins
  10 hydras
  3 centaur warriors
  2 ghost crabs (Swamp:1)
  2 boulder beetles
  A death knight (D:15)
  8 two-headed ogres
  11 death yaks
  An alligator (Swamp:1)
  Urug (Lair:2)
  An orc high priest (Orc:2)
  4 spriggans
  9 skeletal warriors
  Amaemon (D:11)
  3 skysharks (Lair:5)
  An iron troll (D:13)
  A goliath frog (Swamp:1)
  3 spriggan druids
  A swamp dragon (Swamp:1)
  9 orc knights (Orc:2)
  2 bog bodies
  A phantasmal warrior (D:15)
  2 will-o-the-wisps
  An orc sorcerer (Orc:2)
  12 ugly things
  4 manticores
  4 cyclopes
  7 black mambas
  6 elephants (Lair:5)
  4 torpor snails (Lair:4)
  An orange demon (D:11)
  3 gargoyles
  12 cane toads
  A rime drake (Lair:4)
  Psyche (D:12)
  An efreet (D:13)
  A kobold demonologist (D:13)
  A komodo dragon (Lair:3)
  2 freezing wraiths (D:15)
  3 trolls
  2 polar bears (Lair:5)
  6 meliai
  12 saltlings (Orc:2)
  24 blink frogs
  5 hornets
  5 tyrant leeches
  4 dream sheep (Lair:4)
  26 slime creatures
  3 fire bats (Lair:4)
  5 wraiths
  10 wyverns
  43 yaks
  Eustachio (D:6)
  A water elemental (D:12)
  2 vampires
  3 basilisks
  A warg (Orc:2)
  4 nagas (Lair:3)
  12 vampire mosquitoes
  8 swamp worms
  12 water moccasins
  An acid dragon (D:11)
  Duvessa (D:4)
  22 orc warriors
  A swamp drake (Swamp:2)
  An ice beast (D:7)
  4 black bears
  2 sky beasts
  7 ogres
  A hornet zombie (Ossuary)
  6 wolves (Lair:1)
  4 centaurs
  A phantom (D:5)
  A kobold brigand (D:6)
  26 bullfrogs
  4 scorpions
  Blork the orc (D:6)
  2 water moccasin zombies (Ossuary)
  3 wights (D:8)
  Dowan (D:4)
  12 killer bees
  8 electric eels
  8 bullfrog zombies (Ossuary)
  7 howler monkeys
  A lava snake (Lair:4)
  3 centaur zombies (Ossuary)
  4 jellies
  22 orc priests
  2 gnoll boudas (D:5)
  4 hounds
  15 mummies (Ossuary)
  Crazy Yiuf (D:3)
  4 iguanas
  Natasha (D:3)
  20 orc wizards
  2 killer bee zombies (Ossuary)
  A howler monkey zombie (Ossuary)
  13 gnolls
  14 adders
  A shadow imp (D:7)
  2 worms
  A dart slug (D:4)
  84 orcs
  8 endoplasms
  A giant cockroach (D:4)
  6 goblins
  10 hobgoblins
  13 kobolds
  3 quokkas
  7 ball pythons
  2 bats
  2 frilled lizards
  5 rats
  A fire vortex (Lair:4)
714 creatures vanquished.

Vanquished Creatures (collateral kills)
  A shambling mangrove (Swamp:1)
  A hydra (Swamp:1)
  A goliath frog (Lair:5)
  2 hornets (Swamp:1)
  A spriggan (Swamp:1)
  An electric eel (Lair:5)
  An endoplasm (D:2)
8 creatures vanquished.

Vanquished Creatures (others)
  5 foxfires (Swamp:2)
5 creatures vanquished.

Grand Total: 727 creatures vanquished

Notes
Turn   | Place    | Note
-------+----------+-------------------------------------------
     0 | D:1      | Gabide the Draconian Fighter began the quest for the Orb.
     0 | D:1      | Reached XP level 1. HP: 19/19 MP: 1/1
   115 | D:1      | Reached XP level 2. HP: 26/26 MP: 2/2
   204 | D:1      | You fall into a shaft and drop 1 floor!
   315 | D:2      | Reached XP level 3. HP: 32/33 MP: 3/3
  1400 | D:3      | Reached XP level 4. HP: 39/40 MP: 4/4
  1415 | D:3      | Found a basalt altar of Yredelemnul.
  1416 | D:3      | Found a shadowy altar of Dithmenos.
  1535 | D:3      | Noticed Natasha
  1544 | D:3      | Killed Natasha
  1545 | D:3      | Noticed a scorpion
  1557 | D:3      | Killed a scorpion
  1558 | D:3      | Reached XP level 5. HP: 10/47 MP: 5/5
  1701 | D:3      | Found a broken altar of Ashenzari.
  1996 | D:3      | Reached skill level 5 in Unarmed Combat
  2197 | D:3      | Reached skill level 5 in Fighting
  2197 | D:3      | Reached XP level 6. HP: 43/56 MP: 6/6
  2440 | D:3      | Found a runed translucent door.
  2441 | D:3      | Noticed Crazy Yiuf
  2447 | D:3      | Killed Crazy Yiuf
  2608 | D:4      | Found a sand-covered staircase.
  2617 | Ossuary  | Entered an ossuary
  2762 | Ossuary  | Your scales start taking on a dull iron-grey colour.
  2762 | Ossuary  | Reached XP level 7. HP: 58/62 MP: 7/7
  3003 | Ossuary  | Reached XP level 8. HP: 62/70 MP: 8/8
  3423 | D:4      | Noticed Duvessa
  3423 | D:4      | Noticed Dowan
  3440 | D:4      | Killed Duvessa
  3452 | D:4      | Killed Dowan
  3968 | D:5      | Entered Level 5 of the Dungeon
  3976 | D:5      | Reached skill level 10 in Unarmed Combat
  4392 | D:5      | Found a glowing golden altar of the Shining One.
  4396 | D:5      | Reached XP level 9. HP: 75/75 MP: 9/9
  4720 | D:6      | Found a staircase to the Ecumenical Temple.
  4757 | D:6      | Noticed Blork the orc
  4766 | D:6      | Killed Blork the orc
  4793 | Temple   | Entered the Ecumenical Temple
  4840 | Temple   | Became a worshipper of Sif Muna the Loreminder
  4877 | D:6      | Found a stormy altar of Qazlal.
  5199 | D:6      | Noticed Eustachio
  5212 | D:6      | Killed Eustachio
  5213 | D:6      | Reached skill level 1 in Transmutations
  5396 | D:6      | Found Toadoikh's Antique Armour Boutique.
  5622 | D:6      | Found an iron altar of Okawaru.
  5732 | D:7      | Noticed a troll
  5875 | D:7      | Reached * piety under Sif Muna
  6265 | D:7      | Killed a troll
  6421 | D:7      | Found a shimmering altar of Xom.
  6459 | D:7      | Found an ornate altar of the Wu Jian Council.
  6541 | D:7      | Found a bloodstained altar of Trog.
  6673 | D:8      | Reached XP level 10. HP: 83/90 MP: 10/10
  7317 | D:8      | Found a burning altar of Makhleb.
  7384 | D:9      | Reached ** piety under Sif Muna
  8125 | D:9      | Found a staircase to the Lair.
  8145 | Lair:1   | Entered Level 1 of the Lair of Beasts
  8417 | Lair:1   | Identified the +2 hand axe of Dissolution {venom, Fly Str+4
                  | Dex+3}
  8474 | Lair:1   | You fall into a shaft and drop 1 floor!
  8474 | Lair:2   | Noticed Citsun's ghost (journeyman HuAr)
  8474 | Lair:2   | Noticed a cane toad
  8474 | Lair:2   | Found a runed translucent door.
  8479 | Lair:2   | Killed a cane toad
  8480 | Lair:2   | Reached XP level 11. HP: 97/97 MP: 11/11
  8587 | Lair:1   | Noticed a six-headed hydra
  8599 | Lair:1   | Killed a six-headed hydra
  8600 | Lair:1   | Reached skill level 15 in Unarmed Combat
  8610 | Lair:1   | Reached *** piety under Sif Muna
  9059 | Lair:2   | Noticed Urug
  9076 | Lair:2   | Killed Urug
  9915 | Lair:2   | Killed Citsun's ghost
  9923 | Lair:2   | Identified the +6 scale mail of Divine Intervention {Harm
                  | Will+ rCorr Dex-4}
 10560 | Lair:3   | Found a hazy altar of Hepliaklqana.
 10670 | Lair:3   | Found a staircase to the Snake Pit.
 10689 | Lair:3   | Reached XP level 12. HP: 104/104 MP: 12/12
 10692 | Lair:3   | Reached **** piety under Sif Muna
 10739 | Lair:3   | Noticed an eight-headed hydra
 10750 | Lair:3   | Killed an eight-headed hydra
 10751 | Lair:3   | Noticed a seven-headed hydra
 10761 | Lair:3   | Killed a seven-headed hydra
 10840 | Lair:3   | Found a staircase to the Swamp.
 10918 | Lair:3   | Noticed a death yak
 10919 | Lair:3   | Noticed a death yak
 10919 | Lair:3   | Noticed a death yak
 10920 | Lair:3   | Noticed a death yak
 10920 | Lair:3   | Noticed a death yak
 10963 | Lair:2   | Killed a death yak
 11219 | Lair:2   | Killed a death yak
 11284 | Lair:2   | Killed a death yak
 11285 | Lair:2   | Reached skill level 10 in Fighting
 11405 | Lair:3   | Killed a death yak
 11413 | Lair:3   | Killed a death yak
 11814 | Lair:4   | Noticed a seven-headed hydra
 11821 | Lair:4   | Killed a seven-headed hydra
 12148 | Lair:4   | Noticed a seven-headed hydra
 12157 | Lair:4   | Killed a seven-headed hydra
 12342 | Lair:4   | Noticed an eight-headed hydra
 12348 | Lair:4   | Killed an eight-headed hydra
 12617 | Lair:4   | Reached XP level 13. HP: 101/123 MP: 13/13
 13291 | Lair:5   | Entered Level 5 of the Lair of Beasts
 13503 | Lair:5   | Reached skill level 15 in Fighting
 13556 | Lair:5   | Reached skill level 1 in Spellcasting
 13599 | Lair:5   | Reached ***** piety under Sif Muna
 13646 | Lair:5   | Received a gift from Sif Muna
 13667 | Lair:5   | Got Sif Muna's Catalogue of Flamy Inhalation {god gift}
 13840 | Lair:5   | Identified the +0 robe of Xer Nyut {Drain +Blink rC+ Str+6}
 13960 | Lair:5   | Reached skill level 5 in Spellcasting
 14304 | Lair:5   | Reached skill level 5 in Transmutations
 14561 | Lair:5   | Found a staircase to the Slime Pits.
 14561 | Lair:5   | Found a viscous altar of Jiyva.
 14933 | Lair:5   | Reached XP level 14. HP: 99/135 MP: 23/23
 15544 | D:9      | Learned a level 5 spell: Blade Hands
 15582 | D:10     | Entered Level 10 of the Dungeon
 15766 | D:10     | Found a blossoming altar of Fedhas.
 16509 | D:11     | Found a transporter.
 16555 | D:11     | Noticed Amaemon
 16562 | D:11     | Killed Amaemon
 17047 | D:11     | Found a transporter.
 17379 | D:12     | Received a gift from Sif Muna
 17380 | D:12     | Reached skill level 10 in Transmutations
 17895 | D:12     | Noticed Snorg
 17910 | D:12     | Killed Snorg
 18270 | D:12     | Got Sif Muna's Incunable of Helpful Angles {god gift}
 18298 | D:12     | Found a staircase to the Orcish Mines.
 18355 | D:12     | Noticed Gastronok
 18383 | D:12     | Killed Gastronok
 18864 | D:12     | Found a glowing golden altar of the Shining One.
 19104 | D:12     | Noticed Psyche
 19114 | D:12     | Killed Psyche
 19216 | D:12     | Found a portal to a secret trove of treasure.
 20183 | D:13     | Found a gate to the Vaults.
 20987 | D:14     | Reached XP level 15. HP: 63/145 MP: 19/24
 21560 | D:14     | Identified the ring "Poluh" {rN+ Str+5 Stlth-}
 22290 | D:15     | Entered Level 15 of the Dungeon
 22315 | D:15     | Noticed Josephine
 22709 | D:15     | Received a gift from Sif Muna
 22710 | D:15     | Got Sif Muna's Spellbook of Shapes {god gift}
 23015 | D:15     | Noticed Louise
 23320 | Orc:1    | Entered Level 1 of the Orcish Mines
 23503 | Orc:1    | Gained mutation: You are occasionally teleported next to
                  | monsters. [mutagenic glow]
 23813 | Orc:2    | Entered Level 2 of the Orcish Mines
 23825 | Orc:2    | Received a gift from Sif Muna
 23918 | Orc:2    | Got Sif Muna's Book of Toxicity and Creation {god gift}
 24026 | Orc:2    | Found a staircase to the Elven Halls.
 24470 | Orc:2    | Reached skill level 5 in Dodging
 24534 | Orc:2    | Found Moet's Magic Scroll Shoppe.
 24677 | Orc:2    | Found Giwisar's Antique Weapon Shoppe.
 24687 | Orc:2    | Bought a scroll of teleportation for 48 gold pieces
 24687 | Orc:2    | Bought a scroll of enchant armour for 120 gold pieces
 24799 | Orc:2    | Found Durric Zicw's Book Boutique.
 24805 | Orc:2    | Bought a manual of Unarmed Combat for 1200 gold pieces
 24832 | Orc:2    | Found Fuli Riwkio's Armour Shoppe.
 25361 | Swamp:1  | Entered Level 1 of the Swamp
 26012 | Swamp:1  | Paralysed by a hornet for 1 turns
 26616 | Swamp:2  | Received a gift from Sif Muna
 26624 | Swamp:2  | Got Sif Muna's Vellum of the Dead {god gift}
 26683 | Swamp:2  | Reached XP level 16. HP: 133/157 MP: 26/29
 26849 | Swamp:2  | Noticed Aizul
 26867 | Swamp:2  | Demolished by a spriggan rider

Illustrated notes

Levels and vault maps discovered:
D:1:      minmay_arrival_nine_rooms, layout_loops_cross
D:2:      wander_river, layout_rooms
D:3:      layout_basic, ashenzari_altar_1, jmf_multi_god_temple, serial_glass,
          glass_columns_b, glass_columns_a, glass_columns_b, glass_columns_a,
          glass_columns_b, kennysheep_minor_cross, minmay_snake_closets,
          uniq_crazy_yiuf_cottage, uniq_natasha
D:4:      layout_loops_cross, nicolae_ossuary_entry_ruins, uniq_duvessa
D:5:      layout_basic, lemuel_round_altar
D:6:      layout_gridville, nicolae_qazlal_beasts_of_the_sky,
          okawaru_altar_gauntlet_db, minmay_temple_entry_large_hall,
          serial_shops, shop, bh_walls_and_bars, uniq_blork_the_orc,
          uniq_eustachio
D:7:      layout_cave_pools, nzn_wu_jian_council_hall,
          mainiacjoe_overflow_cross_hatched, general_overflow_altar,
          hangedman_abyss_or_decor_jellyfish_corner
D:8:      layout_cave_pools, mainiacjoe_overflow_alcove_4,
          hangedman_decor_clover_reticule
D:9:      layout_rooms, grunt_lair_entry_orc_guard_hut
D:10:     layout_basic, fedhas_altar_1, small_chamber_with_monster
D:11:     gammafunk_wand_slinger, layout_loops_ring, uniq_amaemon
D:12:     layout_basic, erik_orc_2, nicolae_trove_entry_columns,
          nicolae_benzene_ring, serial_bayou_pond_a, tso_oasis_becter,
          uniq_snorg, uniq_psyche, uniq_gastronok
D:13:     layout_loops_cross, david_vaults_4,
          nicolae_concentric_dashed_squares_wild
D:14:     layout_loops_ring, minmay_tree_intersection
D:15:     grunt_enter_depths_snipers, layout_cave_pools, uniq_josephine,
          uniq_louise
Temple:   nicolae_temple_ecumenical_triangle
Lair:1:   layout_hall_layers, grunt_megastairs_1
Lair:2:   layout_long_grid, gammafunk_ghost_grave, uniq_urug
Lair:3:   layout_cave_pods, palyth_hydra_swamp_entry,
          minmay_snake_entry_guardpost_small, basic_altar
Lair:4:   nzn_winding_woodlands_cross
          [nzn_winding_woodlands_5x15_pathside_ponds,
          nzn_winding_woodlands_5x15_default, nzn_winding_woodlands_5x15_parted,
          nzn_winding_woodlands_5x15_pockets,
          nzn_winding_woodlands_15x15_boxy_spiral], layout_gridlike,
          infiniplex_staircase_pool
Lair:5:   minmay_lair_end_frog_pond, layout_gridlike, slime_entry_1
Swamp:1:  layout_basic_swamp, evilmike_swamp_ruin_house_4
Swamp:2:  layout_basic_swamp, portal_ice_cave_entry_pillars_2,
          evilmike_swamp_ruin_rubble_1, swamp_pool4, uniq_aizul
Orc:1:    layout_diamond_mine
Orc:2:    hellmonk_orc_salted, layout_caves, basic_altar

Skill      XL: |  1  2  3  4  5  6  7  8  9 10 11 12 13 14 15 |
---------------+----------------------------------------------+-----
Dodging        | 3 6 |  6.0
Unarmed Combat | 3 4 5 6 8 10 12 14 17 18 | 18.0
Fighting       | 4 5 6 8 9 13 15 16 18 | 18.0
Transmutations | 3 7 12 | 12.5
Spellcasting   | 6 9 |  9.0
Shields        | |  3.0

Action                     |  1- 3 |  4- 6 |  7- 9 | 10-12 | 13-15 | 16-18 || total
---------------------------+-------+-------+-------+-------+-------+-------++-------
  Melee: Unarmed           |    95 |   122 |   384 |   497 |  1066 |    25 ||  2189
         Tailslap          |    15 |    14 |    52 |    90 |   211 |     6 ||   388
         Punch             |       |       |       |       |    40 |     1 ||    41
  Throw: Dart              |       |       |     2 |     1 |     1 |       ||     4
         Javelin           |       |       |       |       |     4 |       ||     4
   Cast: Blade Hands       |       |       |       |       |    66 |     3 ||    69
  Evoke: Wand              |       |       |     3 |     9 |     5 |       ||    17
    Use: Scroll            |     8 |     4 |     7 |    17 |    15 |       ||    51
         Potion            |       |     2 |     2 |     1 |     7 |     2 ||    14
   Stab: Sleeping          |       |     1 |       |       |       |       ||     1
         Paralysed         |       |       |       |    16 |     4 |       ||    20
 Armour: Skin              |    20 |    28 |   100 |   226 |   532 |    12 ||   918
  Dodge: Dodged            |    36 |    61 |   186 |   236 |   486 |    14 ||  1019
  Block: Buckler           |    16 |    24 |    59 |    78 |   130 |       ||   307
